Description

Harstem's supply challenge #1. This is a PvZ macro build, the idea is to try and hit 117 supply by the 7:00 min mark. I have re-uploaded this because it had a missing pylon at 4:44. Be careful of other builds uploaded here that have that missing step (this happens because the replay gets uploaded with an option to remove steps that are repeated more than 5 times).

Once you have mastered the build, watch Harstem's follow up video on how to use it depending on what the Zerg is doing: https://www.youtube.com/watch?v=hV6aNDapdkw

VOD

https://www.youtube.com/watch?v=oEBm0miByOs

Replay - Harstem Beat a Pro Gamer Supply Challenge 1

Build Order

Get SALT Encoding   

  12  0:00  Probe  
  13  0:13  Probe  
  14  0:18  Pylon  
  14  0:25  Probe  
  15  0:37  Probe (Chrono Boost)  
  15  0:40  Gateway  
  16  0:47  Probe x2 (Chrono Boost)  
  16  0:49  Assimilator  
  18  1:03  Probe  
  19  1:15  Probe  
  20  1:25  Nexus  
  20  1:32  Cybernetics Core  
  20  1:35  Probe  
  21  1:41  Assimilator  
  21  1:47  Probe  
  21  1:51  Pylon  
  22  1:59  Probe  
  23  2:06  Adept (Chrono Boost)  
  23  2:11  Probe  
  26  2:20  Stargate  
  26  2:23  Probe (Chrono Boost)  
  26  2:29  Adept  
  29  2:36  Probe x2 (Chrono Boost)  
  29  2:37  Warp Gate  
  32  2:44  Probe x2 (Chrono Boost)  
  32  2:51  Probe x2 (Chrono Boost)  
  35  3:01  Oracle (Chrono Boost)  
  35  3:02  Probe x2  
  40  3:06  Gateway  
  40  3:12  Pylon  
  40  3:14  Probe x2  
  42  3:24  Adept  
  42  3:26  Probe x2  
  45  3:33  Oracle (Chrono Boost)  
  46  3:38  Probe x2  
  46  3:39  Pylon  
  51  3:50  Probe  
  51  3:52  Nexus  
  52  3:56  Pylon  
  52  3:58  Probe x2  
  54  4:06  Robotics Facility  
  54  4:10  Probe (Chrono Boost)  
  54  4:12  Assimilator x2  
  56  4:19  Probe (Chrono Boost)  
  56  4:21  Forge  
  56  4:22  Twilight Council  
  57  4:25  Probe x3 (Chrono Boost)  
  58  4:32  Sentry, Zealot  
  63  4:39  Probe x2  
  63  4:41  Shield Battery  
  63  4:44  Pylon  
  65  4:51  Probe x2  
  67  4:53  Protoss Ground Weapons Level 1 (Chrono Boost), Observer  
  68  5:03  Probe x2 (Chrono Boost), Charge  
  71  5:07  Gateway x2  
  71  5:09  Probe (Chrono Boost)  
  72  5:15  Probe x4 (Chrono Boost)  
  72  5:18  Gateway x2  
  72  5:21  Probe (Chrono Boost)  
  76  5:28  Probe x2, Assimilator x2  
  78  5:35  Probe  
  78  5:36  Templar Archives  
  78  5:41  Probe x2  
  81  5:45  Pylon  
  81  5:48  Probe  
  82  5:51  Gateway x2  
  82  5:54  Probe  
  84  6:00  Warp Prism (Chrono Boost), Gateway  
  84  6:01  Pylon x2  
  85  6:05  Probe  
  85  6:10  Pylon  
  86  6:13  High Templar x4  
  86  6:16  Pylon x2, Zealot x2  
  86  6:18  Archon x2  
  98  6:27  Probe  
  98  6:30  Pylon  
  99  6:40  High Templar x2  
  99  6:44  Nexus  
  99  6:45  Zealot x6  
  111  6:47  Archon  
  111  6:52  Protoss Ground Weapons Level 2  
  115  6:55  Zealot  
  117  7:02  Probe x2  
  117  7:04  Pylon x2  
  119  7:27  Probe x2, Immortal (Chrono Boost)  
  124  7:30  Phoenix (Chrono Boost)  
  124  7:33  High Templar x4  
  124  7:34  Zealot x3  
  141  7:37  Probe  
  141  7:38  Shield Battery  
  141  7:39  Photon Cannon x2  
  142  7:45  Archon x2  
  140  7:52  Probe x3 (Chrono Boost)  
  140  7:55  Forge  
  144  7:59  Immortal (Chrono Boost)  
Spawning Tool Build Advisor. Get it on Overwolf

Go to:

Details

  • Created by: janpol8
  • Published on: Aug 05, 2020
  • Modified on: Aug 05, 2020
  • Patch: 4.11.0
  • Difficulty: Medium
Show
View Real Time Build Order
Export as new Build Order

Comments (0)

There are no comments. Be the first!

Create an account to comment!